 Dungeon Crawl Stone Soup version 0.20.1-1-g8b1a95d (webtiles) character file.

186 renl the Digger (level 5, -2/38 HPs)
             Began as a Ghoul Earth Elementalist on July 12, 2017.
             Was an Initiate of Ashenzari.
             Killed by divine providence
             ... invoked by an orc priest
              (10 damage)
             ... on level 3 of the Dungeon.
             The game lasted 00:21:02 (2991 turns).

renl the Digger (Ghoul Earth Elementalist)          Turns: 2991, Time: 00:21:02

Health: -2/38      AC: 12    Str: 12    XL:     5   Next: 65%
Magic:  8/8        EV:  5    Int: 11    God:    Ashenzari [......]
Gold:   119        SH:  0    Dex:  9    Spells: 9/10 levels left

rFire    . . .     SeeInvis .   (no weapon)
rCold    + . .     Gourm    .   (no shield)
rNeg     + + +     Faith    .   f - +2 chain mail {rPois}
rPois    ∞         Spirit   .   (no helmet)
rElec    .         Reflect  .   (no cloak)
rCorr    .         Harm     .   (no gloves)
MR       .....                  j - +0 pair of boots
Stlth    ..........             (no amulet)
Regen    0.0/turn               q - +1 ring of protection
MPRegen  0.2/turn               (no ring)

@: rotting
A: rotting body, claws 1, carnivore 3, cold resistance 1, negative energy
resistance 3, inhibited regeneration, torment resistance, unbreathing
a: Curse Item, Renounce Religion


You were on level 3 of the Dungeon.
You worshipped Ashenzari.
Ashenzari was noncommittal.
You were not hungry.

You visited 1 branch of the dungeon, and saw 4 of its levels.

You collected 119 gold pieces.

Inventory:

Missiles
 b - 99 stones (quivered)
Armour
 f - a +2 chain mail of poison resistance (worn)
 j - a +0 pair of boots (worn)
Jewellery
 q - a +1 ring of protection (left claw)
Scrolls
 a - 3 scrolls of enchant armour {unknown}
 h - 2 scrolls of identify {unknown}
 k - 4 scrolls of immolation {unknown}
 l - a scroll of enchant weapon {unknown}
 m - a scroll of teleportation {unknown}
 o - a scroll of fog {unknown}
 p - a scroll of noise {unknown}
 t - a scroll of remove curse
Potions
 g - a potion of degeneration {unknown}
 i - a potion of might {unknown}
 n - a potion of agility {unknown}
 s - 2 potions of haste {unknown}
Books
 e - a book of Geomancy

   Spells                             Type                      Level
   a - Sandblast                      Earth                        1
   b - Passwall                       Transmutation/Earth          2
   c - Stone Arrow                    Conjuration/Earth            3
   d - Petrify                        Transmutation/Earth          4
   e - Lee's Rapid Deconstruction     Earth                        5
Comestibles
 d - 3 meat rations
 r - a royal jelly


   Skills:
 - Level 1.7 Dodging
 - Level 2.1 Stealth
 + Level 3.0 Spellcasting
   Level 0.8 Transmutations
 + Level 5.8 Earth Magic


You had 9 spell levels left.
You knew the following spells:

 Your Spells              Type           Power        Failure   Level  Hunger
a - Sandblast             Erth           ##....       75%         1    #......


Dungeon Overview and Level Annotations

Branches:
Dungeon (4/15)
 Temple: D:4-7

Altars:
Ashenzari
Nemelex Xobeh
Okawaru
Qazlal
Vehumet
Yredelemnul

Annotations:
D:4 chaoswolf's ghost, amateur DsBe


Innate Abilities, Weirdness & Mutations

Your body is rotting away.
You thrive on raw meat.
You are immune to poison.
You have sharp fingernails.
You are carnivorous and can eat meat at any time.
Your flesh is cold resistant. (rC+)
You are immune to negative energy. (rN+++)
You do not regenerate when monsters are visible.
You are immune to unholy pain and torment.
You can survive without breathing.


Message History

The goblin hits you but does no damage.
You scratch the orc priest.
The orc priest is heavily wounded.
The orc priest hits you with a club.
* * * LOW HITPOINT WARNING * * *
The goblin hits you but does no damage.
You closely miss the orc priest.
The orc priest is heavily wounded.
The orc priest hits you but does no damage.
The goblin hits you but does no damage.
You barely miss the orc priest.
The orc priest is heavily wounded.
The orc priest hits you with a club.
* * * LOW HITPOINT WARNING * * *
The goblin hits you but does no damage.
You scratch the orc priest.
The orc priest is almost dead.
The orc priest invokes the aid of Beogh against you.
Beogh smites you!
You die...

..#..#..........#....##..##.o##%#
...._##...........<...#...#P##..#
..#..##..........#...............
.....##..........#.##.........#..
#######.......................###
#######........[#.%##.........# #
.(...............>........%...###
###............o#####............
#####........g@.............###
#.........(..>..........# #
#............###........# #
########...........# #..####..###
......###..........# ##.# ##...)
.......)...........# ### ####.
....(..##..........# #.
......###..........# ## ......#
############


You could see an orc priest and a goblin.

Vanquished Creatures
  A centaur zombie (D:4)
  An orc wizard (D:3)
  2 adders
  An ooze (D:4)
  A worm (D:4)
  3 dart slugs
  A leopard gecko (D:4)
  13 orcs (D:3)
  6 giant cockroaches
  8 hobgoblins
  3 jackals (D:2)
  2 ball pythons
  5 bats
  9 frilled lizards
  6 goblins
  10 kobolds
  6 rats
78 creatures vanquished.

Vanquished Creatures (others)
  A kobold (D:2)
1 creature vanquished.

Grand Total: 79 creatures vanquished

Notes
Turn   | Place    | Note
-------+----------+-------------------------------------------
     0 | D:1      | renl the Ghoul Earth Elementalist began the quest for the Orb.
     0 | D:1      | Reached XP level 1. HP: 14/14 MP: 2/2
   195 | D:1      | Reached XP level 2. HP: 14/20 MP: 0/3
   241 | D:1      | Reached skill level 4 in Earth Magic
   519 | D:1      | Reached XP level 3. HP: 16/26 MP: 4/4
  1226 | D:2      | Found a radiant altar of Vehumet.
  1452 | D:2      | Reached XP level 4. HP: 33/33 MP: 6/6
  1806 | D:3      | Reached skill level 5 in Earth Magic
  1811 | D:3      | Found a basalt altar of Yredelemnul.
  1937 | D:3      | You fall through a shaft!
  1993 | D:3      | Found a sparkling altar of Nemelex Xobeh.
  1995 | D:3      | Found an iron altar of Okawaru.
  2090 | D:3      | Found a stormy altar of Qazlal.
  2224 | D:3      | Reached XP level 5. HP: 26/38 MP: 2/8
  2472 | D:4      | Noticed chaoswolf's ghost (amateur DsBe)
  2745 | D:4      | Found a shattered altar of Ashenzari.
  2776 | D:4      | Became a worshipper of Ashenzari the Shackled
  2991 | D:3      | Killed from afar by an orc priest

Skill      XL: |  1  2  3  4  5 |
---------------+----------------+-----
Earth Magic    | 4 5 |  5.8
Spellcasting   | 2 3 |  3.0
Dodging        | |  1.7
Stealth        | |  2.1
Transmutations | |  0.8

Action                   |  1- 3 |  4- 6 || total
-------------------------+-------+-------++-------
Melee: Unarmed           |   217 |   302 ||   519
 Cast: Sandblast         |    10 |    33 ||    43
 Stab: Sleeping          |     3 |       ||     3
  Eat: Chunk             |    20 |    25 ||    45
Armor: Robe              |     5 |       ||     5
       Scale mail        |   106 |    68 ||   174
       Chain mail        |       |   101 ||   101
Dodge: Dodged            |   100 |   116 ||   216
